AoeStats
← Oldspice

MegaRandom

509214434Analyzed
3v3 RM · 6d ago on Sep 25, 2026· 18m 27s· 6 players
Game mode
Random Map
Map size
Normal (6 player)
Population
200
Speed
Normal
Resources
Standard
Victory
Conquest
Starting age
Dark Age
Ending age
Imperial Age
RankedLock teamsTeams togetherTeam positionsShared explorationLock speedFull tech treeHidden civsTurbo modeCheats
Victory
Defeat
🇺🇸 Burmese · United States
1559
+14
🇺🇸 Malay · United States
1506
+17
🇺🇸 Italians · United States
1474
+18
🇨🇱 Wei · Chile
1577
-19
🇦🇷 Spanish · Argentina
1494
-15
🇦🇷 Tupi · Argentina
1493
-15
TheHairlessBear
5:09 Loom
12:27 Feudal Age
16:11 Double-Bit Axe
18:35 Castle Age
16:22 Horse Collar
Oldspice
8:01 Loom
11:22 Feudal Age
16:16 Castle Age
15:22 Horse Collar
15:35 Fletching
17:06 Bodkin Arrow
17:38 Medium Warships
Boomer
10:59 Feudal Age
16:45 Castle Age
15:25 Double-Bit Axe
16:06 Gold Mining
17:29 Loom
18:19 Fletching
18:45 Medium Warships
AxD | Cad Bane
8:05 Loom
10:04 Feudal Age
11:04 Double-Bit Axe
12:08 Fishing Lines
19:31 Castle Age
18:09 Horse Collar
18:21 Stone Mining
AxD | Keiokenkun-Uno-Puro
6:32 Loom
10:10 Feudal Age
12:04 Double-Bit Axe
12:53 Town Watch
16:39 Castle Age
15:39 Fletching
17:55 Bow Saw
18:02 Medium Warships
AxD | MatrixWars
7:46 Loom
10:15 Feudal Age
14:44 Castle Age
13:01 Double-Bit Axe
14:40 Fletching
15:45 Bow Saw
15:59 Horse Collar
18:33 Bodkin Arrow
Connection lost

Rejoining the realm…

Still unreachable

The connection could not be restored.

Session expired

The server has moved on; the page needs a fresh start.